Map: Tours du crépuscule

Players

zidar

  • Race: Zerg Zerg
  • League: Silver
  • Spawn Location: 7:00

PAEY - Winner!

  • Race: Protoss Protoss
  • League: Silver
  • Spawn Location: 1:00

VOD

Have the link to the VOD?

Description

Time

  • Played on: Feb. 2, 2016, 3:03 p.m.
  • Length: 16:23
Show
View Real Time Build Order
Export as new Build Order

zidar Zerg 

Build Orders: Pool First 

Get SALT Encoding   

  12  0:01  Drone  
  13  0:12  Overlord  
  13  0:17  Drone  
  14  0:30  Drone x2  
  14  0:34  Drone  
  17  0:46  Spawning Pool  
  17  0:50  Drone  
  17  1:15  Hatchery  
  17  1:16  Drone  
  17  1:30  Extractor, Drone x2  
  17  1:31  Drone  
  19  1:38  Queen  
  21  1:43  Drone  
  22  1:48  Extractor  
  22  1:53  Overlord  
  22  2:21  Queen  
  23  2:36  Hatchery  
  22  2:40  Zergling x6  
  25  2:48  Metabolic Boost  
  25  3:27  Drone  
  25  3:28  Drone x2  
  25  3:31  Drone x3  
  31  3:34  Queen  
  33  3:43  Roach Warren  
  33  3:46  Extractor  
  33  3:48  Queen  
  33  4:19  Extractor  
  33  4:20  Lair  
  32  4:33  Drone x6  
  38  4:38  Extractor  
  37  4:51  Roach x2  
  41  4:53  Overlord  
  41  4:54  Overlord x2  
  41  4:56  Overlord  
  41  5:23  Roach x9  
  41  5:25  Zergling x2  
  60  5:36  Hydralisk Den  
  60  5:42  Drone x3  
  62  6:02  Roach  
  62  6:04  Overlord  
  64  6:19  Muscular Augments  
  64  6:21  Hydralisk  
  64  6:22  Hydralisk x2  
  70  6:26  Overseer  
  70  6:38  Hydralisk x2  
  74  6:41  Overlord  
  74  7:00  Overlord x2  
  74  7:04  Hydralisk  
  74  7:05  Hydralisk x2  
  80  7:21  Drone x6  
  86  7:39  Evolution Chamber  
  86  7:40  Evolution Chamber  
  84  7:51  Drone x7  
  84  7:57  Lurker Den  
  91  8:02  Drone x2  
  93  8:14  Hydralisk x2  
  93  8:17  Overlord x2  
  97  8:29  Zerg Missile Weapons Level 1  
  97  8:31  Zerg Ground Armor Level 1  
  97  8:35  Hydralisk x3  
  97  8:37  Roach  
  97  8:39  Roach  
  107  9:04  Hydralisk  
  107  9:05  Hydralisk x2  
  107  9:07  Overlord x2  
  107  9:08  Overlord x4  
  113  9:26  Hydralisk x5  
  113  9:27  Hydralisk  
  125  9:31  Hydralisk  
  125  9:34  Hydralisk  
  129  9:52  Hatchery  
  128  9:57  Hydralisk x4  
  136  10:01  Hydralisk  
  136  10:03  Hydralisk  
  140  10:21  Hydralisk  
  140  10:22  Hydralisk x4  
  140  10:24  Roach  
  140  10:26  Roach  
  156  10:28  Roach  
  156  10:30  Roach  
  158  10:38  Overseer  
  158  10:41  Pneumatized Carapace  
  158  11:06  Zerg Ground Armor Level 2  
  159  11:11  Zergling x2  
  159  11:12  Zergling x18  
  168  11:23  Extractor  
  167  11:26  Extractor  
  167  11:29  Zerg Missile Weapons Level 2  
  166  11:58  Hydralisk  
  166  12:00  Overlord  
  166  12:01  Overlord x5  
  168  12:02  Overlord  
  168  12:16  Glial Reconstitution  
  168  12:34  Roach x11  
  168  12:35  Roach x5  
  200  13:27  Infestation Pit  
  185  14:15  Hydralisk x7  
  61  15:31  Hydralisk  
  61  15:32  Hydralisk x20  
  61  15:33  Hydralisk x7  
  61  15:34  Hydralisk  
  103  15:48  Hydralisk x3  
  109  16:03  Drone x3  
Show
View Real Time Build Order
Export as new Build Order

PAEY Protoss - Winner!

Build Orders: Carriers 

Get SALT Encoding   

  12  0:01  Probe (Chrono Boost)  
  13  0:15  Pylon  
  13  0:18  Probe (Chrono Boost)  
  14  0:29  Probe (Chrono Boost)  
  15  0:37  Gateway  
  15  0:41  Probe (Chrono Boost)  
  16  0:54  Probe (Chrono Boost)  
  16  0:55  Forge  
  17  1:05  Probe (Chrono Boost)  
  18  1:15  Probe (Chrono Boost)  
  19  1:28  Assimilator  
  19  1:33  Assimilator  
  19  1:38  Photon Cannon  
  19  1:50  Photon Cannon  
  19  1:53  Zealot  
  21  1:56  Pylon  
  21  2:02  Probe (Chrono Boost)  
  22  2:12  Probe (Chrono Boost)  
  23  2:34  Nexus  
  23  2:54  Pylon  
  23  2:58  Cybernetics Core  
  23  3:03  Photon Cannon  
  23  3:05  Zealot  
  25  3:23  Pylon  
  24  3:28  Pylon  
  24  3:37  Robotics Facility  
  24  3:51  Probe (Chrono Boost)  
  25  3:57  Probe (Chrono Boost)  
  25  4:01  Probe (Chrono Boost)  
  27  4:04  Warp Gate (Chrono Boost)  
  27  4:08  Mothership Core (Chrono Boost), Sentry  
  31  4:16  Probe (Chrono Boost)  
  32  4:27  Probe (Chrono Boost)  
  33  4:32  Gateway  
  33  4:34  Gateway  
  33  4:44  Observer  
  34  5:00  Probe (Chrono Boost)  
  35  5:09  Pylon  
  35  5:11  Probe (Chrono Boost)  
  35  5:13  Pylon  
  36  5:16  Pylon  
  36  5:19  Protoss Shields Level 1  
  36  5:27  Stargate  
  36  5:39  Warp Prism (Chrono Boost)  
  38  6:10  Photon Cannon  
  38  6:13  Void Ray  
  38  6:15  Photon Cannon  
  42  6:28  Probe  
  42  6:31  Assimilator  
  43  6:37  Assimilator  
  43  6:40  Probe  
  44  6:47  Photon Cannon  
  44  6:52  Nexus, Probe  
  44  7:04  Probe, Pylon  
  44  7:06  Void Ray (Chrono Boost)  
  49  7:08  Pylon  
  49  7:18  Pylon  
  49  7:27  Probe  
  50  7:35  Probe  
  51  7:39  Probe  
  52  7:45  Void Ray (Chrono Boost)  
  52  7:47  Probe  
  52  7:51  Probe  
  58  7:59  Probe, Immortal  
  58  8:03  Probe  
  64  8:11  Probe  
  65  8:21  Probe  
  66  8:32  Probe  
  71  8:34  Void Ray (Chrono Boost)  
  71  8:39  Probe  
  72  8:44  Probe  
  73  8:48  Probe  
  73  8:51  Probe  
  73  8:52  Photon Cannon  
  73  8:54  Photon Cannon, Assimilator  
  75  8:56  Photon Cannon  
  75  8:59  Probe  
  76  9:09  Stargate  
  76  9:10  Stargate  
  76  9:19  Pylon  
  76  9:22  Protoss Air Weapons Level 1 (Chrono Boost), Pylon  
  76  9:23  Probe  
  76  9:25  Pylon  
  76  9:29  Void Ray (Chrono Boost)  
  81  9:33  Probe  
  81  9:35  Immortal  
  86  9:38  Protoss Ground Weapons Level 1 (Chrono Boost)  
  86  9:47  Photon Cannon  
  86  9:50  Photon Cannon  
  86  9:52  Photon Cannon, Pylon  
  86  9:53  Probe  
  86  9:54  Pylon  
  87  10:07  Photon Cannon  
  87  10:09  Photon Cannon  
  87  10:11  Photon Cannon  
  87  10:13  Void Ray (Chrono Boost)  
  87  10:14  Photon Cannon  
  87  10:18  Void Ray (Chrono Boost), Probe  
  87  10:19  Photon Cannon  
  96  10:29  Photon Cannon  
  96  10:32  Photon Cannon  
  96  10:37  Fleet Beacon  
  96  10:45  Probe  
  97  10:53  Assimilator  
  97  10:58  Probe  
  97  11:00  Void Ray (Chrono Boost)  
  110  11:06  Void Ray x2 (Chrono Boost)  
  110  11:20  Pylon  
  110  11:24  Probe, Protoss Air Armor Level 1 (Chrono Boost), Pylon  
  110  11:28  Pylon  
  110  11:30  Pylon  
  111  11:35  Probe  
  111  11:37  Void Ray (Chrono Boost)  
  116  11:44  Photon Cannon  
  116  11:46  Void Ray (Chrono Boost), Photon Cannon  
  120  11:48  Photon Cannon, Pylon  
  120  11:54  Pylon  
  120  11:57  Cybernetics Core  
  120  11:58  Probe  
  121  12:02  Protoss Ground Armor Level 1 (Chrono Boost)  
  127  12:10  Probe  
  128  12:17  Mothership, Immortal  
  128  12:20  Graviton Catapult (Chrono Boost)  
  132  12:27  Carrier (Chrono Boost)  
  132  12:38  Probe  
  133  12:44  Pylon  
  145  13:03  Carrier (Chrono Boost)  
  151  13:10  Carrier (Chrono Boost)  
  151  13:18  Protoss Air Weapons Level 2 (Chrono Boost), Protoss Air Armor Level 2 (Chrono Boost)  
  151  14:27  Robotics Bay  
  151  14:30  Immortal  
  173  14:54  Forge  
  173  14:56  Photon Cannon  
  173  14:58  Photon Cannon  
  173  14:59  Carrier (Chrono Boost)  
  173  15:01  Photon Cannon  
  173  15:09  Carrier (Chrono Boost)  
  173  15:10  Carrier (Chrono Boost)  
  173  15:11  Twilight Council  
Tags
 
Composition
Carriers
Matchup
PvZ
Opening
Pool First
Spawn Locations
Cross Positions
Add a new tag
Caveats
  • Supply blocks, unpowered buildings, or Contaminate may cause inaccurate times.
  • Supply counts are checked every 10 seconds.